 Dungeon Crawl Stone Soup version 0.20.2-3-g29329e0561 (webtiles) character file.

115 Alfie the Shield-Bearer (level 4, -1/40 HPs)
             Began as a Minotaur Fighter on Oct 15, 2020.
             Slain by Natasha (8 damage)
             ... on level 2 of the Dungeon.
             The game lasted 00:03:50 (684 turns).

Alfie the Shield-Bearer (Minotaur Fighter)           Turns: 684, Time: 00:03:50

Health: -1/40      AC:  8    Str: 21    XL:     4   Next: 68%
Magic:  3/3        EV:  7    Int:  5    God:
Gold:   22         SH:  9    Dex: 10    Spells: 3/3 levels left

rFire    . . .     SeeInvis .   a - +0 long sword
rCold    . . .     Gourm    .   c - +0 shield
rNeg     . . .     Faith    .   b - +0 scale mail
rPois    .         Spirit   .   (helmet restricted)
rElec    .         Reflect  .   (no cloak)
rCorr    .         Harm     .   i - +0 pair of gloves
MR       .....                  (no boots)
Stlth    ..........             (no amulet)
Regen    0.2/turn               (no ring)
MPRegen  0.1/turn               (no ring)

@: no status effects
A: retaliatory headbutt, horns 2
a: no special abilities


You were on level 2 of the Dungeon.
You were not hungry.

You visited 1 branch of the dungeon, and saw 2 of its levels.

You collected 22 gold pieces.

Inventory:

Hand Weapons
 a - a +0 long sword (weapon)
Armour
 b - a +0 scale mail (worn)
 c - a +0 shield (worn)
 i - a +0 pair of gloves (worn)
Scrolls
 e - a scroll of amnesia
 g - a scroll of magic mapping
 j - a scroll of enchant weapon {unknown}
 k - a scroll of recharging {unknown}
 l - 4 scrolls of teleportation {unknown}
Comestibles
 f - 2 bread rations


   Skills:
 + Level 4.3 Fighting
 + Level 3.5 Long Blades
 + Level 4.6 Armour
 + Level 0.2 Dodging
 + Level 4.7 Shields


You had 3 spell levels left.
You didn't know any spells.

Dungeon Overview and Level Annotations

Branches:
Dungeon (2/15)

Altars:
Cheibriados

Annotations:
D:2 Natasha


Innate Abilities, Weirdness & Mutations

You reflexively headbutt those who attack you in melee.
You have a pair of horns on your head.


Message History

You kill the hobgoblin!
The goblin barely misses you.
Your shield prevents you from hitting the goblin.
Your headbutt misses the goblin. The goblin hits you.
* * * LOW HITPOINT WARNING * * *
You barely miss the goblin. You headbutt the goblin.
The goblin is severely wounded.
You block the goblin's attack.
You barely miss the goblin. You headbutt the goblin.
You kill the goblin!
Items here: ))) ††† You see here a goblin corpse.
Items here: ))) †††
Items here: )) [[ †† Natasha, Servant of Life and Death comes into view.
Natasha mumbles some strange words.
You feel a little less mighty now.
Natasha casts a spell.
Natasha claws you!
You die...

,,,,,,* *,#..#..........#
*****,* *,*#.#..........#
,,,,,,* *,*#............#
*********,*##...........#
,,,,,,,,,,* #..(........#
*********** #...........#
* **********#..#†#####.##
* *,,,,,,,.....#)# #.#
*,,,,,,......#@#
#.#*********
*,,,,,.......#h#
*,*,,,,,,,,,
*,,,,,....$..#)#
*,*,********
*,,,,,.?.....#5#****,*,*
*,,,,,,.......5......#,*
*,,,,,,.....#..#######,*
*,,,,,,....*#..# *,*
*,,,,,,...,*#..# *,*
*,,,,,,.<,,,...# *,*


You could see an iron imp, Natasha and a white imp.

Vanquished Creatures
  Natasha (D:2)
  Robin (D:2)
  3 adders (D:2)
  A worm (D:2)
  3 bats
  3 giant cockroaches
  7 goblins
  10 hobgoblins
  5 kobolds
  A quokka (D:2)
  2 frilled lizards
  9 rats
46 creatures vanquished.

Notes
Turn   | Place    | Note
-------+----------+-------------------------------------------
     0 | D:1      | Alfie the Minotaur Fighter began the quest for the Orb.
     0 | D:1      | Reached XP level 1. HP: 19/19 MP: 0/0
   124 | D:1      | Reached XP level 2. HP: 23/27 MP: 1/1
   265 | D:1      | Found a snail-covered altar of Cheibriados.
   514 | D:2      | Reached XP level 3. HP: 20/33 MP: 2/2
   590 | D:2      | Noticed Natasha
   592 | D:2      | Noticed Robin
   615 | D:2      | Killed Natasha
   615 | D:2      | Reached XP level 4. HP: 7/40 MP: 3/3
   625 | D:2      | Killed Robin
   629 | D:2      | HP: 1/40 [goblin[Robin] (5)]
   679 | D:2      | Noticed Natasha
   684 | D:2      | Slain by Natasha

Skill      XL: |  1  2  3 |
---------------+----------+-----
Shields        | 4 |  4.7
Armour         | 4 |  4.6
Fighting       | 4 |  4.3
Long Blades    | 3 |  3.5
Dodging        | |  0.2

Action                   |  1- 3 |  4- 6 || total
-------------------------+-------+-------++-------
Melee: Long sword        |   106 |    12 ||   118
       Headbutt          |     8 |     3 ||    11
  Use: Scroll            |     4 |     1 ||     5
       Potion            |     1 |     1 ||     2
Armor: Scale mail        |    42 |     3 ||    45
Dodge: Dodged            |    38 |     4 ||    42
Block: Shield            |    66 |     8 ||    74
       Rpst.: Long sword |     5 |     1 ||     6
